 Dungeon Crawl Stone Soup version 0.29.1-2-gbd0b4ee654 (webtiles) character file.

Game seed: 3383621024690183727

4082 Icepheonix32 the Reanimator (level 9, -7/64 HPs)
             Began as a Demigod Necromancer on Nov 2, 2022.
             Mangled by an orc warlord
             ... wielding a +9 battleaxe
              (44 damage)
             ... in a bailey.
             The game lasted 00:20:19 (10811 turns).

Icepheonix32 the Reanimator (Demigod Necromancer)  Turns: 10811, Time: 00:20:19

Health: -7/64      AC: 10    Str: 13    XL:     9   Next: 77%
Magic:  19/19      EV: 12    Int: 21    God:
Gold:   543        SH:  0    Dex: 18    Spells: 9/17 levels left

rFire   . . .      SeeInvis .   s - +2 whip (pain)
rCold   . . .      Faith    .   (no shield)
rNeg    . . .      Spirit   .   q - +0 leather armour
rPois   .          Reflect  .   n - +0 helmet
rElec   .          Harm     .   h - +1 cloak
rCorr   .          Rampage  .   (no gloves)
Will    .....                   (no boots)
Stlth   ++........              (no amulet)
HPRegen 0.20/turn               o - +4 ring of protection
MPRegen 0.16/turn               (no ring)

@: invisible, unable to drink
A: high MP 1, forlorn, divine attributes, inability to drink after injury 1
a: no special abilities


You were in a bailey.
You visited 1 branch of the dungeon, and saw 8 of its levels.
You also visited: Sewer and Bailey.

You collected 543 gold pieces.

Inventory:

Hand Weapons
 d - a +0 hammer of protection
 e - the +5 quarterstaff "Joumi" {vorpal, rPois}
   (You found it on level 2 of the Dungeon)

   It inflicts extra damage upon your enemies.
   rPois:     It protects you from poison.
 g - a +4 quarterstaff of chaos
 i - a +2 long sword of protection
 l - a +2 halberd of flaming
 m - a +2 vampiric lajatang
 p - a +1 whip of electrocution
 s - a +2 whip of pain (weapon)
 u - a +3 falchion
 y - a +0 dagger of holy wrath
 B - a +3 spectral quarterstaff
 H - a +4 hand axe
Missiles
 A - 2 javelins
 G - 5 boomerangs
Armour
 a - a +0 robe
 h - a +1 cloak (worn)
 n - a +0 helmet (worn)
 q - a +0 leather armour (worn)
Jewellery
 o - a +4 ring of protection (left hand)
Wands
 r - a wand of charming (10)
 w - a wand of quicksilver (5)
 z - a wand of flame (34)
Scrolls
 c - a scroll of summoning {unknown}
 f - 7 scrolls of teleportation
 k - a scroll of torment
 t - a scroll of magic mapping
 v - a scroll of butterflies {unknown}
 D - a scroll of immolation {unknown}
 F - a scroll of amnesia {unknown}
Potions
 b - 2 potions of magic
 j - a potion of cancellation
 E - 3 potions of mutation


   Skills:
 + Level 1.4 Fighting
 + Level 2.3(2.8) Maces & Flails
 + Level 2.3(2.8) Staves
 + Level 2.0 Armour
 + Level 2.6 Dodging
 + Level 2.2 Stealth
 + Level 4.5 Spellcasting
 * Level 11.8 Necromancy


You had 9 spell levels left.
You knew the following spells:

 Your Spells              Type           Power      Damage    Failure   Level
a - Necrotise             Necr           100%       1d9       1%          1
b - Vampiric Draining     Necr           53%        2d9       1%          3
c - Animate Dead          Necr           53%        N/A       1%          4

Your spell library contained the following spells:

 Spells                   Type           Power      Damage    Failure   Level
 Agony                    Necr           53%        N/A       3%          5
 Apportation              Tloc           8%         N/A       14%         1
 Gell's Gravitas          Tloc           4%         N/A       41%         3
 Lesser Beckoning         Tloc           4%         N/A       41%         3
 Portal Projectile        Hex/Tloc       8%         N/A       41%         3
 Teleport Other           Tloc           4%         N/A       41%         3
 Tukima's Dance           Hex            4%         N/A       41%         3
 Alistair's Intoxication  Tmut/Pois      2%         N/A       99%         5
 Blade Hands              Tmut           2%         N/A       99%         5


Dungeon Overview and Level Annotations

Branches:
Dungeon (8/15)             Temple (0/1) D:4           Sewer (visited)
 Bailey (1/1)
   Lair: D:8-11

Annotations:
D:2 Terence


Innate Abilities, Weirdness & Mutations

You have an increased reservoir of magic. (+10% MP)
You shall have no god before yourself.
Your divine heritage dramatically boosts your attributes as you level up.
You occasionally lose the ability to drink potions when taking damage.


Message History

A goblin comes into view.
It is wielding a +3 spectral quarterstaff.
The goblin shouts!
The goblin writhes in agony.
You kill the goblin!
The dead are walking!
You can't see any susceptible monsters within range! (Use Z to cast anyway.)
You swap places.
You now have 543 gold pieces (gained 16).
Things that are here:
a +3 spectral quarterstaff; a +0 leather armour
B - a +3 spectral quarterstaff Your goblin skeleton crumbles into dust!
A goblin is nearby!
The goblin hits you with a +0 hand axe.
Things that are here:
a +0 hand axe; a +0 leather armour The goblin barely resists.
The goblin hits you but does no damage.
The goblin writhes in agony.
You kill the goblin!
The dead are walking!
Your goblin skeleton crumbles into dust!
You open the door.
There is an open door here.
An orc warlord is nearby!
It was a potion of ambrosia.
You are confused.
You feel invigorated.
It was a potion of mutation.
You feel extremely strange.
You occasionally lose the ability to drink potions when taking damage.
The hobgoblin shouts!
Unknown command.
The orc warlord hits you with a +9 battleaxe!!!
Ouch! That really hurt!
You feel less invigorated.
You feel less confused.
You fade into invisibility!
The orc warlord hits you with a +9 battleaxe!!!
You feel threatened and lose the ability to drink potions!
Ouch! That really hurt!
You die...

# .o#8.........?# #
..##8........?!# ##
..###...).....##
.### ###.###.....###
...###
###.....#'#.###
.....###........g###
......#...........#
......#.......).o.#
⌠.....#.....[...@.#
......'...........#
......#.....).)...#
...).###.........##
...### ###.....###
.### ###.### ## ###


You could see an orc warlord (unable to see you) and a hobgoblin (unable to see
you).

Vanquished Creatures
  Pikel (D:4)
  A water moccasin (D:7)
  A sky beast (D:7)
  7 orc warriors (Bailey)
  3 black bears
  2 ice beasts (D:7)
  2 ogres
  3 phantoms
  2 kobold brigands (D:7)
  2 bullfrogs (D:6)
  3 necrophages
  3 scorpions
  4 wights
  3 howler monkeys
  Crazy Yiuf (D:6)
  2 orc priests
  3 hounds
  5 jellies
  2 iguanas (D:4)
  3 orc wizards
  6 gnolls
  7 adders
  A river rat (Sewer)
  2 shadow imps
  A white imp (D:6)
  2 ufetubi
  2 worms
  5 dart slugs
  26 orcs
  19 endoplasms
  6 giant cockroaches
  21 goblins
  21 hobgoblins
  2 jackals (D:1)
  14 kobolds
  4 quokkas
  9 ball pythons
  4 bats
  6 frilled lizards
  10 rats
221 creatures vanquished.

Vanquished Creatures (collateral kills)
  An orc warrior (Bailey)
  A bullfrog (D:7)
  A jelly (Sewer)
  A gnoll (Bailey)
  2 dart slugs (D:1)
  An endoplasm (D:1)
  2 goblins (D:1)
  A hobgoblin (Bailey)
10 creatures vanquished.

Vanquished Creatures (others)
  A wight (D:7)
  3 orc zombies (Bailey)
  2 gnoll zombies (Bailey)
  A hobgoblin (Bailey)
  2 goblin zombies (Bailey)
  5 hobgoblin zombies (Bailey)
14 creatures vanquished.

Grand Total: 245 creatures vanquished

Notes
Turn   | Place    | Note
-------+----------+-------------------------------------------
     0 | D:1      | Icepheonix32 the Demigod Necromancer began the quest for
                  | the Orb.
     0 | D:1      | Reached XP level 1. HP: 14/14 MP: 5/5
    78 | D:1      | Reached skill level 4 in Necromancy
   223 | D:1      | Reached XP level 2. HP: 20/20 MP: 4/7
   983 | D:2      | Identified the +5 quarterstaff "Joumi" {vorpal, rPois}
  1017 | D:2      | Reached XP level 3. HP: 26/26 MP: 3/8
  1240 | D:2      | Noticed Terence
  2028 | D:3      | Reached skill level 5 in Necromancy
  3072 | D:4      | Reached XP level 4. HP: 7/33 MP: 2/9
  3334 | D:4      | Noticed a black bear
  3350 | D:4      | Killed a black bear
  3351 | D:4      | Reached skill level 6 in Necromancy
  3351 | D:4      | Reached XP level 5. HP: 27/38 MP: 0/10
  3878 | D:4      | Reached skill level 7 in Necromancy
  3878 | D:4      | Reached XP level 6. HP: 42/45 MP: 3/11
  4080 | D:4      | Found a staircase to the Ecumenical Temple.
  4224 | D:4      | Noticed Pikel
  4239 | D:4      | Killed Pikel
  4240 | D:4      | Reached skill level 8 in Necromancy
  4240 | D:4      | Reached XP level 7. HP: 13/50 MP: 6/12
  4742 | D:4      | Reached skill level 9 in Necromancy
  4937 | D:5      | Entered Level 5 of the Dungeon
  5499 | D:5      | Reached XP level 8. HP: 46/57 MP: 7/13
  5747 | D:6      | Found a glowing drain.
  5767 | D:6      | Learned a level 3 spell: Vampiric Draining
  5772 | D:6      | Learned a level 4 spell: Animate Dead
  5773 | Sewer    | Entered a sewer
  5957 | Sewer    | Reached skill level 10 in Necromancy
  6993 | D:6      | Reached skill level 1 in Staves
  7175 | D:6      | Found a runed translucent door.
  7176 | D:6      | Noticed Crazy Yiuf
  7525 | D:6      | Killed Crazy Yiuf
  7612 | D:7      | Reached skill level 1 in Armour
  7658 | D:7      | Reached skill level 1 in Maces & Flails
  7826 | D:7      | Reached XP level 9. HP: 49/63 MP: 17/17
  8081 | D:7      | Reached skill level 1 in Fighting
  8081 | D:7      | Reached skill level 11 in Necromancy
  9338 | D:8      | Found a flagged portal.
  9379 | Bailey   | Entered a bailey
 10301 | Bailey   | Noticed an orc warlord
 10805 | Bailey   | Gained mutation: You occasionally lose the ability to drink
                  | potions when taking damage. [potion of mutation]
 10811 | Bailey   | Mangled by an orc warlord

Illustrated notes

Levels and vault maps discovered:
D:1:      heliophobic_arrival_battle_scene, layout_basic
D:2:      layout_basic, basic_altar, uniq_terence
D:3:      layout_basic, lightli_temple_of_fire,
          shapermc_ecumenical_altar_totnotflames
D:4:      layout_gridville, minmay_temple_entry_enclosed_plants, uniq_pikel
D:5:      layout_rooms
D:6:      layout_cave_pools, gammafunk_temple_overflow_pools,
          portal_sewer_entry_d, uniq_crazy_yiuf_cottage
D:7:      layout_loops_ring, grunt_temple_overflow_open
D:8:      layout_rooms, enter_bailey_5, gammafunk_ghost_spectres, serial_shops,
          nicolae_shop_behind_doors
Bailey:   bailey_axe_minmay_hex_keep, bailey

Skill      XL: |  1  2  3  4  5  6  7  8  9 |
---------------+----------------------------+-----
Necromancy     | 4 5 6 7 8 9 10 11 | 11.8
Spellcasting   | 3 4 |  4.5
Dodging        | 2 |  2.6
Stealth        | 2 |  2.2
Staves         | 1 2 |  2.3
Armour         | 1 2 |  2.0
Maces & Flails | 1 2 |  2.3
Fighting       | 1 |  1.4

Action                   |  1- 3 |  4- 6 |  7- 9 || total
-------------------------+-------+-------+-------++-------
Melee: Long sword        |    56 |    11 |       ||    67
       Spear             |     6 |       |       ||     6
       Whip              |       |     9 |   214 ||   223
       Quarterstaff      |       |       |    85 ||    85
       Punch             |       |       |     3 ||     3
 Cast: Necrotise         |    77 |    56 |   239 ||   372
       Vampiric Draining |       |       |    14 ||    14
       Animate Dead      |       |       |     5 ||     5
Evoke: Wand              |       |       |     6 ||     6
  Use: Potion            |     3 |     1 |    10 ||    14
       Scroll            |       |       |    12 ||    12
 Stab: Sleeping          |     2 |       |     1 ||     3
       Invisible         |       |     1 |       ||     1
Armor: Robe              |    27 |       |       ||    27
       Leather armour    |     4 |    25 |   153 ||   182
Dodge: Dodged            |    57 |    41 |   239 ||   337
